AoeStats
← bellotodelnorte

Arabia

505318550Analyzed
3v3 RM · 22d ago on Sep 8, 2026· 52m 47s· 6 players
Game mode
Random Map
Map size
Normal (6 player)
Population
200
Speed
Normal
Resources
Standard
Victory
Conquest
Starting age
Dark Age
Ending age
Imperial Age
RankedLock teamsTeams togetherTeam positionsShared explorationLock speedFull tech treeHidden civsTurbo modeCheats
Victory
Defeat
1165
+11
🇨🇱 Malay · Chile
1154
+12
🇦🇷 Tupi · Argentina
1061
+15
🇨🇿 Cumans · Czechia
1094
-14
🇹🇷 Sicilians · Türkiye
1038
-12
🇵🇱 Mongols · Poland
1030
-12
Mumei
11:46 Feudal Age
10:04 Loom
13:06 Double-Bit Axe
18:59 Fletching
22:58 Castle Age
21:42 Scale Barding Armor
22:28 Forging
28:01 Bodkin Arrow
52:23 Bow Saw
52:54 Wheelbarrow
Czeki$
1:58 Loom
2:29 Loom
9:32 Feudal Age
10:12 Double-Bit Axe
12:25 Wheelbarrow
12:29 Bloodlines
20:35 Castle Age
25:31 Forging
26:09 Scale Barding Armor
28:37 Iron Casting
32:01 Wheelbarrow
36:46 Husbandry
Eteus
8:25 Loom
11:04 Feudal Age
11:52 Double-Bit Axe
13:31 Horse Collar
21:44 Castle Age
20:57 Town Watch
22:39 Fletching
24:42 Scale Barding Armor
24:09 Elite Skirmisher
27:46 Bodkin Arrow
27:51 Padded Archer Armor
28:57 Wheelbarrow
29:25 Town Watch
33:55 Hand Cart
34:14 Forging
39:29 Bow Saw
39:23 Heavy Plow
40:40 Thumb Ring
42:22 Bloodlines
42:46 Chain Barding Armor
42:42 Leather Archer Armor
☘[4:20]☘Rolando Mota dl Kmpo
2:06 Loom
9:22 Feudal Age
10:13 Double-Bit Axe
10:37 Horse Collar
22:05 Castle Age
21:11 Scale Barding Armor
21:17 Bloodlines
22:27 Forging
23:09 Husbandry
23:41 Chain Barding Armor
23:25 Light Cavalry
26:18 Coinage
28:19 Iron Casting
41:34 Bow Saw
43:12 Wheelbarrow
47:12 Hand Cart
48:18 Town Watch
52:41 Imperial Age
bellotodelnorte
11:12 Feudal Age
21:18 Castle Age
19:43 Fletching
21:21 Scale Barding Armor
20:49 Crossbowman
23:23 Bodkin Arrow
52:45 Loom
☘[4:20]☘ Moneymaker
7:19 Loom
9:52 Feudal Age
10:28 Double-Bit Axe
16:28 Fletching
19:56 Gold Mining
25:39 Castle Age
24:14 Horse Collar
26:00 Stone Mining
25:50 Crossbowman
25:55 Pikeman
27:38 Bodkin Arrow
40:36 Imperial Age
40:52 Imperial Age
41:54 Conscription
41:27 Arbalester
42:12 Bracer
42:13 Padded Archer Armor
49:33 Ballistics
Connection lost

Rejoining the realm…

Still unreachable

The connection could not be restored.

Session expired

The server has moved on; the page needs a fresh start.